 Dungeon Crawl Stone Soup version 0.20.1-1-g8b1a95d (webtiles) character file.

6901 Aolhelm the Grappler (level 10, 0/94 HPs)
             Began as a Troll Hunter on Aug 23, 2017.
             Was a Believer of Yredelemnul.
             Slain by a sixfirhy (4 damage)
             ... summoned by an orc sorcerer
             ... on level 9 of the Dungeon.
             The game lasted 00:48:21 (6652 turns).

Aolhelm the Grappler (Troll Hunter)                 Turns: 6652, Time: 00:48:22

Health: 0/94       AC:  9    Str: 22    XL:     10   Next: 79%
Magic:  11/11      EV: 13    Int:  7    God:    Yredelemnul [**....]
Gold:   417        SH:  0    Dex: 11    Spells: 9/9 levels left

rFire    + . .     SeeInvis .     - Unarmed
rCold    . . .     Gourm    +   (no shield)
rNeg     . . .     Faith    .   h - +2 robe {rF+}
rPois    +         Spirit   .   J - +2 hat
rElec    .         Reflect  .   H - +0 cloak
rCorr    +         Harm     .   (gloves unavailable)
MR       .....                  (boots unavailable)
Stlth    +.........             (no amulet)
Regen    0.7/turn               p - ring of poison resistance
MPRegen  0.2/turn               o - ring of resist corrosion

@: drained
A: unfitting armour, antennae 1, claws 3, repulsion field 1, clumsy 1, deformed
body, fast metabolism 3, gourmand, high mp 1, regeneration 1, shaggy fur 1,
tough skin 2
a: Animate Remains, Recall Undead Slaves, Injury Mirror, Renounce Religion


You were on level 9 of the Dungeon.
You worshipped Yredelemnul.
Yredelemnul was pleased with you.
You were very full.

You visited 2 branches of the dungeon, and saw 10 of its levels.
You also visited: Sewer and Ossuary.

You collected 417 gold pieces.

Inventory:

Hand Weapons
 a - a +1 blowgun
 b - a +0 giant spiked club
Missiles
 d - 3 throwing nets (quivered)
 j - 7 curare-tipped needles
 s - 25 poisoned needles
Armour
 h - a +2 robe of fire resistance (worn)
 H - a +0 cloak (worn)
 J - a +2 hat (worn)
Jewellery
 o - a ring of resist corrosion (right claw)
 p - a ring of poison resistance (left claw)
Wands
 i - a wand of random effects (20/48)
 z - a wand of polymorph (16/24)
 C - a wand of acid (8/15)
 G - a wand of disintegration (12/24)
Scrolls
 l - 6 scrolls of teleportation
 r - 3 scrolls of identify
 x - 4 scrolls of remove curse
 y - 3 scrolls of fear
 B - a scroll of enchant armour
 I - a scroll of fog
Potions
 e - 2 potions of haste
 k - 5 potions of might
 m - 3 potions of cancellation
 n - a potion of heal wounds
 q - 3 potions of agility
 u - 3 potions of flight
 v - 4 potions of curing
 w - 4 potions of brilliance
Books
 E - a book of Flames

   Spells                             Type                      Level
   a - Flame Tongue                   Conjuration/Fire             1
   b - Throw Flame                    Conjuration/Fire             2
   c - Conjure Flame                  Conjuration/Fire             3
   d - Inner Flame                    Hexes/Fire                   3
   e - Sticky Flame                   Conjuration/Fire             4
   f - Fireball                       Conjuration/Fire             5
Comestibles
 f - 3 bread rations
 g - 6 royal jellies
 t - a fruit
 A - 2 meat rations


   Skills:
 * Level 4.3(3.8) Fighting
 * Level 6.9(6.4) Throwing
 * Level 4.6(4.0) Dodging
 - Level 0.3(0.0) Stealth
 + Level 12.9(12.2) Unarmed Combat
 * Level 1.5(1.0) Invocations


You had 9 spell levels left.
You didn't know any spells.

Dungeon Overview and Level Annotations

Branches:
Dungeon (9/15)             Temple (1/1) D:5
   Lair: D:8-11         Orc: D:9-12

Altars:
Ashenzari
Dithmenos
Elyvilon
Gozag
Makhleb
Nemelex Xobeh
Okawaru
Qazlal
Ru
Sif Muna
Trog
Uskayaw
Yredelemnul
Zin
The Shining One

Shops:
D:6 [


Innate Abilities, Weirdness & Mutations

You are too large for most types of armour.
You have claws for hands.
Your metabolism is lightning-fast.
You like to eat raw meat.
Your natural rate of healing is unusually fast.
You are covered in fur. (AC +1)
You have very tough skin. (AC +2)
You have a pair of small antennae on your head.
You are surrounded by a mild repulsion field. (EV +2)
You are clumsy. (Dex -2)
Armour fits poorly on your strangely shaped body.
You have an increased reservoir of magic. (+10% MP)


Message History

The sixfirhy is severely wounded.
The sixfirhy closely misses you. The sixfirhy hits you.
* * * LOW HITPOINT WARNING * * *
The sixfirhy shocks you!
* * * LOW HITPOINT WARNING * * *
The sixfirhy hits you.
* * * LOW HITPOINT WARNING * * *
The sixfirhy shocks you!
* * * LOW HITPOINT WARNING * * *
Okay, then.
Okay, then.
You feel much better.
The sixfirhy hits you but does no damage.
The sixfirhy completely misses you. The sixfirhy hits you.
* * * LOW HITPOINT WARNING * * *
The sixfirhy shocks you!
* * * LOW HITPOINT WARNING * * *
The sixfirhy hits you.
You die...
Your body rises from the dead as a mindless zombie.

## . #.##. ....
#....####...#
##........
#######..≈≈≈≈≈≈≈
#.3.....≈≈##4##≈
#@####..≈## .#
#.# #..≈#...(
#.# #.§≈o..$(
#.# ##.≈#.?./
#.# #.≈##...
##.##
#.≈≈##.##≈≈
##...##
#..≈≈≈.≈≈≈..
##.....##
#.........>
#.......#
#........##


You could see a sixfirhy.

Vanquished Creatures
  2 two-headed ogres
  The ghost of iamoutofideas the Cleaver, a novice MiFi of Okawaru (D:7)
  An orc sorcerer (D:9)
  Joseph (D:8)
  Psyche (D:8)
  Grinder (D:4)
  Sigmund (D:3)
  Eustachio (D:4)
  A steam dragon (D:9)
  A wraith (Ossuary)
  2 hungry ghosts (D:8)
  A phantom (D:4)
  A sky beast (D:8)
  An ice beast (D:5)
  A black bear (D:8)
  A hornet zombie (D:7)
  An ogre (D:4)
  An orc warrior (D:6)
  2 centaurs (D:6)
  4 big kobolds
  3 bullfrogs
  2 elf skeletons (D:5)
  A scorpion (D:7)
  A water moccasin skeleton (D:8)
  13 wights
  2 crimson imps
  2 jellies (D:8)
  5 hounds
  2 orc wizards
  6 orc priests
  A human zombie (D:5)
  3 iguanas
  A human skeleton (D:5)
  5 worker ants
  A hound zombie (D:8)
  A mummy (Ossuary)
  3 gnolls (D:4)
  7 adders
  3 river rats (D:3)
  2 shadow imps
  An ooze (D:3)
  An adder skeleton (D:8)
  2 adder zombies (D:6)
  4 worms (D:2)
  2 dart slugs
  6 leopard geckos
  26 orcs
  8 bats
  5 giant cockroaches
  6 hobgoblins
  10 jackals
  21 kobolds
  3 quokkas
  6 ball pythons
  2 frilled lizards
  7 gnoll skeletons (Ossuary)
  15 goblins
  5 kobold skeletons (Ossuary)
  13 orc skeletons (Ossuary)
  2 orc zombies (D:5)
  15 rats
250 creatures vanquished.

Vanquished Creatures (others)
  A quokka skeleton (D:5)
1 creature vanquished.

Grand Total: 251 creatures vanquished

Notes
Turn   | Place    | Note
-------+----------+-------------------------------------------
     0 | D:1      | Aolhelm the Troll Hunter began the quest for the Orb.
     0 | D:1      | Reached XP level 1. HP: 19/19 MP: 0/0
   203 | D:1      | Reached XP level 2. HP: 27/27 MP: 1/1
   317 | D:1      | Reached skill level 1 in Unarmed Combat
   638 | D:2      | Reached XP level 3. HP: 29/35 MP: 2/2
   774 | D:2      | Reached skill level 2 in Unarmed Combat
  1089 | D:2      | Reached XP level 4. HP: 42/42 MP: 3/3
  1534 | D:3      | Reached skill level 3 in Unarmed Combat
  1705 | D:3      | Noticed Sigmund
  1719 | D:3      | Killed Sigmund
  1719 | D:3      | Reached skill level 5 in Unarmed Combat
  1719 | D:3      | Reached XP level 5. HP: 23/49 MP: 4/4
  1719 | D:3      | Reached XP level 6. HP: 27/57 MP: 5/5
  1798 | D:3      | Found a glowing drain.
  1809 | Sewer    | Entered a sewer
  1971 | Sewer    | Reached skill level 6 in Unarmed Combat
  2068 | Sewer    | Reached XP level 7. HP: 60/65 MP: 6/6
  2364 | D:4      | Reached skill level 7 in Unarmed Combat
  2586 | D:4      | Noticed Eustachio
  2597 | D:4      | Killed Eustachio
  2597 | D:4      | Reached skill level 8 in Unarmed Combat
  2645 | D:4      | Found a deep blue altar of Sif Muna.
  2759 | D:4      | Noticed Grinder
  2764 | D:4      | Killed Grinder
  2764 | D:4      | Reached XP level 8. HP: 56/72 MP: 7/7
  2864 | D:4      | Reached skill level 9 in Unarmed Combat
  2974 | D:5      | Entered Level 5 of the Dungeon
  3317 | D:5      | Found a sand-covered staircase.
  3322 | Ossuary  | Entered an ossuary
  3528 | D:5      | Reached skill level 5 in Throwing
  3563 | D:5      | Reached skill level 10 in Unarmed Combat
  3651 | D:5      | Found a bloodstained altar of Trog.
  3908 | D:5      | Found a staircase to the Ecumenical Temple.
  3917 | Temple   | Entered the Ecumenical Temple
  3980 | Temple   | Became a worshipper of Yredelemnul the Dark
  4362 | D:6      | Reached XP level 9. HP: 79/79 MP: 8/8
  4364 | D:6      | Found Muell's Antique Armour Boutique.
  4800 | D:6      | Reached skill level 11 in Unarmed Combat
  5579 | D:7      | Noticed iamoutofideas's ghost (novice MiFi)
  5593 | D:7      | Killed iamoutofideas's ghost
  5685 | D:7      | Reached * piety under Yredelemnul
  5720 | D:7      | Found an iron altar of Okawaru.
  6020 | D:8      | Noticed Psyche
  6030 | D:8      | Killed Psyche
  6070 | D:8      | Reached skill level 12 in Unarmed Combat
  6081 | D:8      | Noticed Joseph
  6092 | D:8      | Killed Joseph
  6092 | D:8      | Reached XP level 10. HP: 44/91 MP: 9/9
  6098 | D:8      | Noticed a two-headed ogre
  6102 | D:8      | Killed a two-headed ogre
  6290 | D:8      | Found a deep blue altar of Sif Muna.
  6310 | D:8      | Reached ** piety under Yredelemnul
  6325 | D:8      | Gained mutation: You are surrounded by a mild repulsion field. (EV +2) [mutagenic meat]
  6326 | D:8      | Gained mutation: Armour fits poorly on your strangely shaped body. [mutagenic meat]
  6327 | D:8      | Gained mutation: You are clumsy. (Dex -2) [mutagenic meat]
  6328 | D:8      | Gained mutation: You have an increased reservoir of magic. (+10% MP) [mutagenic meat]
  6329 | D:8      | Gained mutation: You have a pair of small antennae on your head. [mutagenic meat]
  6494 | D:9      | Noticed a two-headed ogre
  6497 | D:9      | Killed a two-headed ogre
  6504 | D:9      | Reached skill level 1 in Invocations
  6616 | D:9      | Noticed an orc sorcerer
  6616 | D:9      | Paralysed by an orc sorcerer for 6 turns
  6619 | D:9      | Noticed an orc sorcerer
  6632 | D:9      | Noticed a soul eater
  6635 | D:9      | Killed an orc sorcerer
  6636 | D:9      | Noticed a sixfirhy
  6647 | D:9      | HP: 4/94 [sixfirhy[an orc sorcerer] (12)]
  6652 | D:9      | HP: 4/94 [sixfirhy[an orc sorcerer] (10)]
  6652 | D:9      | Slain by a sixfirhy

Skill      XL: |  1  2  3  4  5  6  7  8  9 10 |
---------------+-------------------------------+-----
Unarmed Combat | 1 2 5 6 8 10 12 | 12.9
Throwing       | 4 5 6 |  6.9
Dodging        | 2 3 4 |  4.6
Fighting       | 2 3 4 |  4.3
Invocations    | 1 |  1.5
Stealth        | |  0.3

Action                   |  1- 3 |  4- 6 |  7- 9 | 10-12 || total
-------------------------+-------+-------+-------+-------++-------
Melee: Unarmed           |   127 |   127 |   406 |    98 ||   758
       Punch             |       |     5 |     9 |     3 ||    17
Throw: Large rock        |     1 |     1 |    11 |    10 ||    23
       Throwing net      |       |     2 |     1 |     1 ||     4
       Javelin           |       |       |     5 |    10 ||    15
Evoke: Wand              |       |       |     1 |       ||     1
  Use: Scroll            |       |     7 |    16 |       ||    23
       Potion            |       |     2 |     4 |     5 ||    11
 Stab: Sleeping          |       |       |     3 |       ||     3
       Distracted        |       |       |     1 |       ||     1
       Held in net/web   |       |       |     1 |       ||     1
       Confused          |       |       |     1 |       ||     1
  Eat: Chunk             |    15 |    10 |    36 |    17 ||    78
Armor: Robe              |    41 |    47 |   102 |    31 ||   221
Dodge: Dodged            |    65 |    73 |   151 |    55 ||   344
